 Dungeon Crawl Stone Soup version 0.31-a0-496-g6f97920a28 (webtiles) character file.

Game seed: 6007087181603125532

157 randomguy2701 the Stinger (level 5, -6/31 HPs)
             Began as an Octopode Venom Mage on Aug 8, 2023.
             Mangled by an orc priest
             ... wielding a +0 falchion
              (8 damage)
             ... on level 3 of the Dungeon.
             The game lasted 00:03:13 (2903 turns).

randomguy2701 the Stinger (Octopode Venom Mage)     Turns: 2903, Time: 00:03:13

Health: -6/31      AC:  1    Str:  7    XL:     5   Next: 38%
Magic:  6/9        EV: 13    Int: 19    God:
Gold:   143        SH:  0    Dex: 13    Spells: 9/10 levels left

rFire   . . .        (no weapon)
rCold   . . .        (no shield)
rNeg    . . .        (helmet restricted)
rPois   .            (no amulet)
rElec   .            b - ring of resist corrosion
rCorr   +            (no ring)
SInv    .            (no ring)
Will    .....        (no ring)
Stlth   +++          (no ring)
HPRegen 0.25/turn    (no ring)
MPRegen 0.11/turn    (no ring)
                     (no ring)

%: no passive effects
@: no status effects
A: almost no armour, amphibious, 8 rings, camouflage 1, gelatinous body 1,
(nimble swimmer 1), tentacles
a: no special abilities


You were on level 3 of the Dungeon.
You visited 1 branch of the dungeon, and saw 3 of its levels.

You collected 143 gold pieces.

Inventory:

Jewellery
 b - a ring of resist corrosion (left tentacle)
 p - a ring of wizardry
Scrolls
 c - a scroll of poison {unknown}
 d - a scroll of fear {unknown}
 e - a scroll of silence {unknown}
 i - a scroll of vulnerability {unknown}
 j - a scroll of noise {unknown}
 k - 2 scrolls of teleportation {unknown}
 m - 2 scrolls of enchant armour {unknown}
 n - 2 scrolls of enchant weapon {unknown}
 o - a scroll of blinking {unknown}
 q - a scroll of immolation {unknown}
 s - a scroll of fog {unknown}
Potions
 a - a potion of magic
 f - a potion of resistance {unknown}
 g - 2 potions of cancellation {unknown}
 h - a potion of ambrosia {unknown}
 l - a potion of might {unknown}
 r - a potion of heal wounds {unknown}


   Skills:
 + Level 2.1 Dodging
 * Level 4.0 Stealth
 + Level 3.0 Spellcasting
 + Level 2.2 Transmutations
 + Level 5.0 Poison Magic


You had 9 spell levels left.
You knew the following spells:

 Your Spells              Type           Power      Damage    Failure   Level
a - Sting                 Tmut/Pois      64%        1d6       3%          1

Your spell library contained the following spells:

 Spells                   Type           Power      Damage    Failure   Level
 Poisonous Vapours        Pois/Air       24%        N/A       9%          2
 Summon Small Mammal      Summ           8%         N/A       16%         1
 Olgreb's Toxic Radiance  Pois           22%        N/A       19%         4
 Mephitic Cloud           Conj/Pois/Air  9%         N/A       22%         3
 Call Canine Familiar     Summ           2%         N/A       41%         3
 Summon Guardian Golem    Hex/Summ       2%         N/A       41%         3
 Conjure Ball Lightning   Conj/Air       1%         3x3d6     100%        6
 Discord                  Hex            1%         N/A       100%        8
 Disjunction              Tloc           1%         N/A       100%        8


Dungeon Overview and Level Annotations

Branches:
Dungeon (3/15)

Altars:
Qazlal


Innate Abilities, Weirdness & Mutations

You cannot wear most types of armour.
You are amphibious.
You can wear up to eight rings at the same time.
Your skin changes colour to match your surroundings (Stealth+).
Your rubbery body absorbs attacks. (AC +1, EV +1)
((You are camouflaged when in or above water. (Stealth+)))
You have tentacles for arms and can constrict up to eight enemies at once.


Message History

Casting: Sting (safe; 3% risk of failure)
Confirm with . or Enter, or press ? or * to list all spells.
Aiming: Sting (safe; 3% risk of failure)
Press: ? - help, Shift-Dir - straight line, f - orc priest
Aim: an orc priest, wielding a +0 falchion and wearing a +0 leather armour (74% to hit)
The sting hits the orc priest but does no damage.
The orc priest is poisoned.
Casting: Sting (safe; 3% risk of failure)
Confirm with . or Enter, or press ? or * to list all spells.
Aiming: Sting (safe; 3% risk of failure)
Press: ? - help, Shift-Dir - straight line, f/p - orc priest
Aim: an orc priest, wielding a +0 falchion and wearing a +0 leather armour (lightly wounded, poisoned, 74% to hit)
The sting hits the orc priest.
The orc priest looks even sicker.
The orc priest is moderately wounded.
The orc priest hits you with a +0 falchion.
Casting: Sting (safe; 3% risk of failure)
Confirm with . or Enter, or press ? or * to list all spells.
Aiming: Sting (safe; 3% risk of failure)
Press: ? - help, Shift-Dir - straight line, f/p - orc priest
Aim: an orc priest, wielding a +0 falchion and wearing a +0 leather armour (heavily wounded, very poisoned, 74% to hit)
The sting hits the orc priest but does no damage.
The orc priest looks even sicker.
The orc priest is heavily wounded.
The orc priest hits you with a +0 falchion.
* * * LOW HITPOINT WARNING * * *
You tentacle-slap the orc priest but do no damage.
You grab the orc priest.
The orc priest is heavily wounded.
You constrict the orc priest.
The orc priest hits you with a +0 falchion!
* * * LOW HITPOINT WARNING * * *
You tentacle-slap the orc priest but do no damage.
You squeeze the orc priest, but do no damage.
The orc priest is severely wounded.
You constrict the orc priest. The orc priest misses you.
You tentacle-slap the orc priest but do no damage.
The orc priest is severely wounded.
You constrict the orc priest.
The orc priest hits you with a +0 falchion!
You die...

#....## ###...# ###
#.#.# #.# #%#.## #.#
#....### ##.# ##.#...#
#..# #.###(# #..# # #.#
#.### #..## ####.###...#
#.o@# ......####.# #.#.#
####...###.# #.#..#
#.#...#.# #.##.#
#.###...###.# .#
.......§.... #.#
###...#.#
.##.#.≈≈≈≈≈≈≈≈≈. #.#
#...>.##.##.#.≈.......≈.
#.#
##.##.##.##...≈§≈.≈≈≈.≈.
.#
#.##.##.##.#.≈§≈...≈.≈.


You could see an orc priest (very poisoned).

Vanquished Creatures
  Jessica (D:3)
  A gnoll (D:1)
  4 adders
  3 worms (D:3)
  2 dart slugs
  An orc (D:3)
  6 ball pythons
  8 endoplasms
  3 giant cockroaches (D:2)
  4 goblins
  4 hobgoblins
  2 jackals (D:3)
  10 kobolds
  5 quokkas
  6 bats
  4 frilled lizards
  4 rats
68 creatures vanquished.

Notes
Turn   | Place    | Note
-------+----------+-------------------------------------------
     0 | D:1      | randomguy2701 the Octopode Venom Mage began the quest for
                  | the Orb.
     0 | D:1      | Reached XP level 1. HP: 11/11 MP: 3/3
   167 | D:1      | Reached skill level 4 in Poison Magic
   167 | D:1      | Reached XP level 2. HP: 17/17 MP: 0/5
   574 | D:1      | Reached XP level 3. HP: 21/21 MP: 2/6
  1147 | D:2      | Reached XP level 4. HP: 9/27 MP: 0/7
  2202 | D:3      | Noticed Jessica
  2208 | D:3      | Killed Jessica
  2209 | D:3      | Reached XP level 5. HP: 24/31 MP: 2/9
  2404 | D:3      | Found a faded altar of an unknown god.
  2541 | D:3      | Found a stormy altar of Qazlal.
  2558 | D:3      | Reached skill level 5 in Poison Magic
  2903 | D:3      | Mangled by an orc priest

Illustrated notes

Levels and vault maps discovered:
D:1:      ncdulo_wetmaze, layout_basic
D:2:      layout_rooms, nrook_uturn, kennysheep_another_room,
          nicolae_figureground_pulse
D:3:      minmay_angry_zag, layout_rooms,
          mainiacjoe_overflow_concentric_impassable,
          hellmonk_ecumenical_altar_arch_garden, uniq_jessica

Skill      XL: |  1  2  3  4  5 |
---------------+----------------+-----
Poison Magic   | 4 5 |  5.0
Stealth        | 3 4 |  4.0
Transmutations | 2 |  2.2
Spellcasting   | 3 |  3.0
Dodging        | |  2.1

Action                     |  1- 3 |  4- 6 || total
---------------------------+-------+-------++-------
  Melee: Unarmed           |    10 |    10 ||    20
         Constrict         |     2 |     2 ||     4
         Tentacles         |     2 |     1 ||     3
         Punch             |       |     1 ||     1
   Cast: Sting             |    48 |   105 ||   153
 Armour: Skin              |     2 |     2 ||     4
  Dodge: Dodged            |    27 |    36 ||    63

Table legend: (Time is in decaauts)
 A = Elapsed time spent in this place.
 B = Non-inter-level travel time spent in this place.
 C = Inter-level travel time spent in this place.
 D = Time resting spent in this place.
 E = Time spent auto-exploring this place.
 F = Levels seen in this place.
 G = Mean time per level.
                   A        B        C        D        E       F      G
               +--------+--------+--------+--------+--------+-----+--------+
         Total |   2903 |   2876 |     27 |      0 |   2433 |   3 |  967.7 |
       Dungeon |   2903 |   2876 |     27 |      0 |   2433 |   3 |  967.7 |
               +--------+--------+--------+--------+--------+-----+--------+

Top non-repeatable levels by time:
     D:1: 1194 daAuts
     D:2: 1007 daAuts
     D:3: 700 daAuts
